 Dungeon Crawl Stone Soup version 0.31-a0-596-g831eee08f1 (webtiles) character file.

Game seed: 6254488137028851718

288 BubbleThief the Ruffian (level 6, -8/44 HPs)
             Began as an Octopode Shapeshifter on Aug 21, 2023.
             Mangled by Duvessa
             ... wielding a +0 short sword
              (10 damage)
             ... on level 4 of the Dungeon.
             The game lasted 00:04:00 (1958 turns).

BubbleThief the Ruffian (Octopode Shapeshifter)     Turns: 1958, Time: 00:04:00

Health: -8/44      AC:  5    Str: 16    XL:     6   Next: 31%
Magic:  6/6        EV: 13    Int: 10    God:
Gold:   201        SH:  0    Dex: 13    Spells: 5/5 levels left

rFire   . .          .
                       - Unarmed
rCold   . . .        (no shield)
rNeg    . . .        (helmet currently unavailable)
rPois   .            d - amulet of the acrobat
rElec   .            f - +4 ring of protection
rCorr   .            q - ring of willpower
SInv    .            (no ring)
Will    +....        (no ring)
Stlth   ++           (no ring)
HPRegen 0.27/turn    (no ring)
MPRegen 0.10/turn    (no ring)
                     (no ring)

%: acrobat
@: beast-form
A: beast (slay +2), almost no armour, amphibious, 8 rings, camouflage 1,
gelatinous body 1, (nimble swimmer 1), tentacles
a: Begin Untransformation


You were on level 4 of the Dungeon.
You were a hulking beast.
You visited 1 branch of the dungeon, and saw 4 of its levels.

You collected 201 gold pieces.

Inventory:

Missiles
 p - 4 curare-tipped darts (quivered)
Jewellery
 d - an amulet of the acrobat (around mantle)
 f - a +4 ring of protection (left tentacle)
 q - a ring of willpower (right tentacle)
Talismans
 b - a beast talisman (active)
 c - a flux talisman
Scrolls
 g - 5 scrolls of identify {unknown}
 i - a scroll of enchant armour {unknown}
 k - a scroll of poison {unknown}
 l - 3 scrolls of enchant weapon {unknown}
 n - a scroll of fear {unknown}
 o - a scroll of revelation {unknown}
Potions
 a - a potion of lignification
 e - 2 potions of might {unknown}
 h - 2 potions of enlightenment {unknown}
 j - 2 potions of curing {unknown}
 m - a potion of heal wounds {unknown}


   Skills:
 + Level 4.3 Fighting
 - Level 2.0 Dodging
 + Level 5.3 Unarmed Combat
 - Level 3.0 Shapeshifting


You had 5 spell levels left.
You didn't know any spells.
Your spell library contained the following spells:

 Spells                   Type           Power      Damage    Failure   Level
 Gell's Gravitas          Tloc           0%         N/A       75%         3
 Teleport Other           Tloc           0%         N/A       75%         3
 Dispersal                Tloc           0%         N/A       100%        6


Dungeon Overview and Level Annotations

Branches:
Dungeon (4/15)
 Temple: D:4-7

Altars:

Portals:
Sewer: D:4

Annotations:
D:4 Duvessa


Innate Abilities, Weirdness & Mutations

You are a hulking beast.
Your limbs bulge with bestial killing power. (Slay +2)
You cannot wear most types of armour.
You are amphibious.
You can wear up to eight rings at the same time.
Your skin changes colour to match your surroundings (Stealth+).
Your rubbery body absorbs attacks. (AC +1, EV +1)
((You are camouflaged when in or above water. (Stealth+)))
You have tentacles for arms and can constrict up to eight enemies at once.


Message History

You tentacle-slap Duvessa.
Duvessa is moderately wounded.
You constrict Duvessa, but do no damage.
Duvessa hits you with a +0 short sword!
Unknown command.
Unknown command.
You tentacle-slap Duvessa but do no damage.
You squeeze Duvessa!
Duvessa is heavily wounded.
You constrict Duvessa, but do no damage.
Duvessa hits you with a +0 short sword!
Unknown command.
Unknown command.
You tentacle-slap Duvessa.
Duvessa is heavily wounded.
You constrict Duvessa. Duvessa hits you but does no damage.
Unknown command.
Unknown command.
You tentacle-slap Duvessa.
Duvessa is heavily wounded.
You constrict Duvessa, but do no damage.
Duvessa closely misses you.
Unknown command.
Unknown command.
You barely miss Duvessa.
Duvessa is heavily wounded.
You constrict Duvessa, but do no damage.
Duvessa hits you with a +0 short sword.
Unknown command.
Unknown command.
You barely miss Duvessa. You squeeze Duvessa.
Duvessa is severely wounded.
You constrict Duvessa. Duvessa hits you with a +0 short sword!
* * * LOW HITPOINT WARNING * * *
Unknown command.
Unknown command.
You tentacle-slap Duvessa. You squeeze Duvessa.
Duvessa is severely wounded.
You constrict Duvessa. Duvessa hits you with a +0 short sword!
You die...

.##... .## ......
....##. ......
........ ##......
........ #.......
........##.....
......##...## #
.g..........#.<..
####...eh.......
##............
##)............
##...#..........
..
#...###..#...~~~
..## ##..##
#.?...~~~~
....####..##
##....~~∩~
.........##
#....~~~~
....(...## #....


You could see Duvessa (berserk, poisoned, slow).

Vanquished Creatures
  A sky beast (D:4)
  Dowan (D:4)
  An orc wizard (D:3)
  A gnoll (D:1)
  3 adders
  A dart slug (D:3)
  4 orcs (D:3)
  3 endoplasms
  2 giant cockroaches (D:1)
  9 goblins
  2 hobgoblins
  16 jackals
  5 quokkas
  7 ball pythons
  5 bats
  2 frilled lizards
  7 kobolds
  7 rats
77 creatures vanquished.

Notes
Turn   | Place    | Note
-------+----------+-------------------------------------------
     0 | D:1      | BubbleThief the Octopode Shapeshifter began the quest for
                  | the Orb.
     0 | D:1      | Reached XP level 1. HP: 13/13 MP: 1/1
   155 | D:1      | Reached XP level 2. HP: 18/18 MP: 2/2
   182 | D:1      | Reached XP level 3. HP: 24/24 MP: 3/3
   672 | D:2      | Reached skill level 4 in Unarmed Combat
   672 | D:2      | Reached XP level 4. HP: 30/30 MP: 4/4
  1009 | D:2      | Found a faded altar of an unknown god.
  1332 | D:3      | Reached XP level 5. HP: 33/36 MP: 5/5
  1769 | D:4      | Noticed a sky beast
  1796 | D:4      | Killed a sky beast
  1797 | D:4      | Reached skill level 5 in Unarmed Combat
  1797 | D:4      | Reached XP level 6. HP: 28/43 MP: 6/6
  1801 | D:4      | Noticed Duvessa
  1906 | D:4      | Noticed Dowan
  1934 | D:4      | Killed Dowan
  1947 | D:4      | Found a glowing drain.
  1957 | D:4      | HP: 2/44 [Duvessa/+0 short sword (16)]
  1958 | D:4      | Mangled by Duvessa

Illustrated notes

Levels and vault maps discovered:
D:1:      saegor_arrival_simple_a, layout_basic, chequers_serial_rivers_micro_e,
          minmay_heptomino_d4
D:2:      layout_basic, shapermc_ecumenical_altar_pompeii
D:3:      layout_basic
D:4:      layout_layer_cave, gammafunk_ghost_cemetery, portal_sewer_entry_a,
          grunt_decor_arrowhead, uniq_duvessa

Skill      XL: |  1  2  3  4  5 |
---------------+----------------+-----
Fighting       | 2 3 4 |  4.3
Unarmed Combat | 4 5 |  5.3
Dodging        | |  2.0
Shapeshifting  | |  3.0

Action                     |  1- 3 |  4- 6 || total
---------------------------+-------+-------++-------
  Melee: Unarmed           |    64 |   102 ||   166
         Constrict         |    21 |    20 ||    41
         Tentacles         |    14 |    18 ||    32
         Punch             |     3 |       ||     3
  Throw: Dart              |       |     5 ||     5
   Stab: Sleeping          |       |     3 ||     3
 Armour: Skin              |     9 |    17 ||    26
  Dodge: Dodged            |    42 |    57 ||    99

Table legend: (Time is in decaauts)
 A = Elapsed time spent in this place.
 B = Non-inter-level travel time spent in this place.
 C = Inter-level travel time spent in this place.
 D = Time resting spent in this place.
 E = Time spent auto-exploring this place.
 F = Levels seen in this place.
 G = Mean time per level.
                   A        B        C        D        E       F      G
               +--------+--------+--------+--------+--------+-----+--------+
         Total |   1944 |   1896 |     48 |     99 |   1285 |   4 |  486.0 |
       Dungeon |   1944 |   1896 |     48 |     99 |   1285 |   4 |  486.0 |
               +--------+--------+--------+--------+--------+-----+--------+

Top non-repeatable levels by time:
     D:2: 693 daAuts
     D:1: 546 daAuts
     D:3: 493 daAuts
     D:4: 211 daAuts
